[Event "SixDays Budapest IM-A January 2024"]
[Site "Budapest"]
[Date "2024.01.27"]
[Round "1.1"]
[White "Urhegyi, Marton"]
[Black "Kuru, Atilla"]
[Result "1-0"]
[ECO "C07"]
[WhiteElo "2255"]
[BlackElo "2220"]
[Annotator "RC"]
[PlyCount "115"]
[EventDate "2024.01.26"]
[EventType "tourn"]
[EventCountry "HUN"]
[SourceTitle "playchess.com"]
[Source "ChessBase"]
[SourceQuality "1"]
[TimeControl "5400+30"]

1. e4 e6 2. d4 d5 3. Nd2 c5 4. Ngf3 cxd4 5. Nxd4 Nc6 6. Bb5 Bd7 7. Nxc6 bxc6 8. Bd3 Bd6 9. Qe2 Qc7 10. Nf3 e5 11. exd5 Ne7 12. dxc6 Bxc6 13. O-O Bxf3 14. Qxf3 O-O 15. Qe4 Ng6 16. h4 f5 17. Qc4+ Kh8 18. h5 e4 19. Qxc7 Bxc7 20. Bxe4 fxe4 21. hxg6 hxg6 22. Re1 Rad8 23. Be3 Be5 24. c3 Rb8 25. Re2 Rf7 26. Rd1 Rfb7 27. Bc1 Re8 28. g3 Bf6 29. Rde1 Rbe7 30. f3 exf3 31. Rxe7 Bxe7 32. Kf1 f2 33. Re2 Rd8 34. Rxe7 Rd1+ 35. Kxf2 Rxc1 36. Kf3 Rf1+ 37. Kg4 a5 38. a4 Rf2 39. b3 Rc2 40. Re8+ Kh7 41. c4 Rc3 42. Rb8 g5 43. Rb5 Kh6 44. c5 g6 45. c6 Rxc6 46. Rxa5 Rd6 47. Rb5 Rd4+ 48. Kf3 Rd3+ 49. Kf2 Kh5 50. a5 Kg4 51. Rb4+ Kh3 52. a6 Rd7 53. g4 Kh4 54. Ra4 Rf7+ 55. Ke3 Ra7 56. Kf3 Rf7+ 57. Ke4 Ra7 58. Kd5 1-0

[Event "SixDays Budapest IM-A January 2024"]
[Site "Budapest"]
[Date "2024.01.27"]
[Round "1.2"]
[White "Cieslak, Patryk"]
[Black "Hacker, Jonas"]
[Result "1/2-1/2"]
[ECO "B40"]
[WhiteElo "2284"]
[BlackElo "2420"]
[Annotator "RC"]
[PlyCount "55"]
[EventDate "2024.01.26"]
[EventType "tourn"]
[EventCountry "HUN"]
[SourceTitle "playchess.com"]
[Source "ChessBase"]
[SourceQuality "1"]
[TimeControl "5400+30"]

1. e4 c5 2. Nf3 e6 3. d4 cxd4 4. Nxd4 Nf6 5. Nc3 Nc6 6. Nxc6 bxc6 7. e5 Nd5 8. Ne4 Bb7 9. Be2 c5 10. O-O Qc7 11. Nd6+ Bxd6 12. exd6 Qc6 13. f3 c4 14. Qd4 O-O 15. Bxc4 Qxd6 16. b3 Qb6 17. Qxb6 Nxb6 18. Bd3 Rfc8 19. Bd2 a5 20. c4 d5 21. cxd5 Bxd5 22. Rac1 Rcb8 23. Bb5 a4 24. Bf4 Rb7 25. bxa4 h6 26. Bd6 Nxa4 27. Bxa4 Rxa4 28. a3 1/2-1/2

[Event "SixDays Budapest IM-A January 2024"]
[Site "Budapest"]
[Date "2024.01.27"]
[Round "1.3"]
[White "Orso, Miklos"]
[Black "Szalay-Ocsak, Bank"]
[Result "1/2-1/2"]
[ECO "B23"]
[WhiteElo "2172"]
[BlackElo "2165"]
[Annotator "RC"]
[PlyCount "29"]
[EventDate "2024.01.26"]
[EventType "tourn"]
[EventCountry "HUN"]
[SourceTitle "playchess.com"]
[Source "ChessBase"]
[SourceQuality "1"]
[TimeControl "5400+30"]

1. e4 c5 2. Nc3 Nc6 3. f4 e6 4. Nf3 d5 5. Bb5 dxe4 6. Bxc6+ bxc6 7. Nxe4 Nf6 8. Qe2 Nxe4 9. Qxe4 Qd5 10. d3 Ba6 11. b3 c4 12. Qxd5 cxd5 13. dxc4 dxc4 14. Be3 Rc8 15. Kf2 1/2-1/2

[Event "SixDays Budapest IM-A January 2024"]
[Site "Budapest"]
[Date "2024.01.27"]
[Round "1.4"]
[White "Balla, Tamas-Kristof"]
[Black "Lim, Zhuo Ren"]
[Result "1/2-1/2"]
[ECO "A05"]
[WhiteElo "2283"]
[BlackElo "2218"]
[Annotator "RC"]
[PlyCount "105"]
[EventDate "2024.01.26"]
[EventType "tourn"]
[EventCountry "HUN"]
[SourceTitle "playchess.com"]
[Source "ChessBase"]
[SourceQuality "1"]
[TimeControl "5400+30"]

1. Nf3 Nf6 2. b3 g6 3. Bb2 Bg7 4. e3 O-O 5. c4 c5 6. Be2 Nc6 7. O-O d5 8. cxd5 Qxd5 9. Nc3 Qf5 10. d3 Rd8 11. a3 b6 12. Qc2 Ba6 13. Ne4 Rac8 14. Rfd1 Bb7 15. Ng3 Qe6 16. Rab1 Bh6 17. Qc3 a5 18. Qc4 Qd7 19. Ne4 Bg7 20. Nxf6+ Bxf6 21. Bxf6 exf6 22. Qh4 Kg7 23. Qg3 Ne7 24. h4 Qc7 25. Qg4 h5 26. Qc4 Bd5 27. Qc3 b5 28. e4 b4 29. axb4 axb4 30. Qb2 Be6 31. d4 Bg4 32. Rbc1 Qb6 33. d5 Bxf3 34. Bxf3 Qd6 35. g3 Rc7 36. Be2 Nc8 37. f4 Re8 38. Bf3 Nb6 39. Kh2 Kg8 40. Re1 Nd7 41. Re2 Qa6 42. e5 fxe5 43. fxe5 Qa3 44. Qxa3 bxa3 45. e6 fxe6 46. dxe6 Nf8 47. Bd5 Kg7 48. b4 Rce7 49. bxc5 Nxe6 50. Rce1 Kf6 51. Rf1+ Kg7 52. Rfe1 Kf6 53. Rf1+ 1/2-1/2

[Event "SixDays Budapest IM-A January 2024"]
[Site "Budapest"]
[Date "2024.01.27"]
[Round "1.5"]
[White "Vetokhina, Sofia"]
[Black "Polyik, Peter"]
[Result "0-1"]
[ECO "D30"]
[WhiteElo "2020"]
[BlackElo "2289"]
[Annotator "TA"]
[PlyCount "68"]
[EventDate "2024.01.26"]
[EventType "tourn"]
[EventCountry "HUN"]
[SourceTitle "playchess.com"]
[Source "ChessBase"]
[SourceQuality "1"]
[TimeControl "5400+30"]

1. d4 d5 2. c4 e6 3. Nf3 Nf6 4. g3 dxc4 5. Qa4+ Nbd7 6. Bg2 a6 7. Ne5 c5 8. dxc5 Bxc5 {[%emt 0:01:14] Schwarz steht etwas besser.} 9. Nxd7 Bxd7 10. Qxc4 Rc8 {[%emt 0:01:28][%cal Oc5f2] Und jetzt ...Bxf2+! wäre schön.} 11. Qb3 $2 {[%emt 0:02:27][%mdl 8192] [#]} (11. Qf4 $17) 11... Bxf2+ $1 $19 12. Kxf2 Ng4+ 13. Kf3 {[%emt 0:01:03] [#]} Rxc1 $1 14. Rxc1 Qf6+ 15. Ke4 Qe5+ (15... Nxh2 $2 16. Qxb7 Qd8 17. Rd1 $18 (17. Qxa6 f5+ 18. Kf4 O-O $17)) 16. Kd3 {[%emt 0:00:49] [#]} Bb5+ $1 (16... Nxh2 $2 17. Qxb7 Bb5+ 18. Kc2 Qxe2+ 19. Kb3 $18) (16... Qe3+ 17. Kc2 Qxe2+ 18. Nd2 Qxg2 19. Qf3 Qxf3 (19... Qxh2 20. Qxg4 O-O 21. Qd4 $11) 20. Nxf3 $15) 17. Kc2 Qxe2+ (17... Bxe2 $2 18. Qa4+ (18. Bxb7 Qf5+ 19. Kc3 Qf6+ 20. Kc2 Qf5+ 21. Kc3 Qf6+ 22. Kc2 Qf5+ $11) (18. Qxb7 O-O $16) 18... Ke7 19. Qb4+ (19. Bxb7 Ne3+ 20. Kb3 Rb8 $16) 19... Kf6 20. Qc3 $18 (20. Bxb7 Ne3+ 21. Kb3 Rb8 $16)) 18. Nd2 O-O $2 (18... Qxg2 19. Qf3 Qxf3 (19... Qxh2 $2 20. Qxg4 O-O 21. a4 $18) 20. Nxf3 $17) (18... Ne3+ $19 {und Schwarz behält klar die Oberhand.} 19. Qxe3 Qxe3) 19. Bf1 $2 (19. a4 $17 Rc8+ (19... Qxg2 $2 {geht unter.} 20. axb5 Rd8 21. Qc3 $18) (19... Bd3+ 20. Kc3 $17) 20. Kb1 Rxc1+ (20... Bd3+ $2 21. Ka2 $18) 21. Kxc1) 19... Ne3+ {[%emt 0:02:45] Schwarz steht klar auf Gewinn.} (19... Qxh2 20. Bxb5 axb5 21. a4 $16 (21. Qxb5 Ne3+ 22. Kb3 Qxd2 $11)) 20. Kb1 Nxf1 {[%emt 0:00:18] Weiss ist schwach auf den weissen Feldern} ({Nicht} 20... Qxd2 21. Bxb5 axb5 22. a3 $11) 21. Rxf1 Bd3+ 22. Kc1 Rc8+ 23. Qc3 Rxc3+ 24. bxc3 Qe5 25. Kb2 Bxf1 26. Rxf1 {[%emt 0:00:24][%mdl 4096] Endspiel. KQ-KRN} Qe2 27. Kc2 f5 28. h4 g6 29. Rb1 b5 30. c4 bxc4 {[%emt 0:00:27] Weiss muss nun ...Qd3+ beachten.} 31. Rb8+ Kg7 32. Rc8 Qd3+ 33. Kc1 c3 34. Nb3 e5 {[%emt 0:03:43] Weiß schien mit der Eröffnung nicht zurechtzukommen.   Gewichteter Fehlerwert: Weiß=1.24/Schwarz=0.36.  Verlustzug:     	Weiß=1     	---        Ungenau:       	Weiß=1     	---        OK:         	Weiß=2     	Schwarz=2     Bester:       	Weiß=1     	---        Brilliant:      	---       	Schwarz=1} 0-1

[Event "SixDays Budapest IM-A January 2024"]
[Site "Budapest"]
[Date "2024.01.28"]
[Round "2.1"]
[White "Kuru, Atilla"]
[Black "Polyik, Peter"]
[Result "1/2-1/2"]
[ECO "C34"]
[WhiteElo "2220"]
[BlackElo "2289"]
[Annotator "NA RC"]
[PlyCount "189"]
[EventDate "2024.01.26"]
[EventType "tourn"]
[EventCountry "HUN"]
[SourceTitle "playchess.com"]
[Source "ChessBase"]
[SourceQuality "1"]
[TimeControl "5400+30"]

1. e4 e5 2. f4 exf4 3. Nf3 Nf6 4. e5 Nh5 5. d4 d6 6. Qe2 dxe5 7. Nxe5 Qh4+ 8. g3 Nxg3 9. hxg3 Qxh1 10. Bxf4 Bd6 11. Nc3 O-O 12. O-O-O Bh3 13. Bxh3 Qxh3 14. Qe4 Qe6 15. Rh1 h6 16. g4 Nd7 17. g5 f5 18. gxf6 Nxf6 19. Qg6 Bxe5 20. Bxe5 Qg4 21. Rxh6 Qxg6 22. Rxg6 c6 23. a4 Rf7 24. Rg1 Re8 25. a5 Nd7 26. Bd6 Re6 27. Bc7 Ref6 28. Rg2 Rf2 29. Rg3 Re7 30. Rg1 Kf7 31. b4 a6 32. Kb2 Rf5 33. Bd8 Re8 34. Bg5 Nf6 35. Kb3 Ne4 36. Nxe4 Rxe4 37. Kc4 Re6 38. Bd8 g6 39. Rg3 Kg7 40. Bg5 Rd6 41. Kd3 Kf7 42. Ke4 Re6+ 43. Kd3 Re1 44. c3 Ref1 45. Ke4 Ke6 46. c4 Kf7 47. Bd2 R1f2 48. Ke3 g5 49. Rxg5 Rxg5 50. Kxf2 Rh5 51. Kf3 Ke6 52. Ke4 Rh3 53. d5+ Kd7 54. Kd4 cxd5 55. cxd5 Rh2 56. Bf4 Rc2 57. Bh6 Rh2 58. Bf8 Rc2 59. Kd3 Rc1 60. Kd4 Ke8 61. Bc5 Re1 62. Bd6 Kd7 63. Bf8 Re8 64. Bc5 Rh8 65. Ke5 Rh4 66. Bd4 Rg4 67. Bc5 Rc4 68. Kf5 b6 69. axb6 a5 70. b7 Kc7 71. Bb6+ Kxb7 72. Bxa5 Kc8 73. Ke6 Rh4 74. Kd6 Rh6+ 75. Kc5 Kb7 76. b5 Rh5 77. Bc3 Rh6 78. Be5 Rh5 79. Kd4 Rh4+ 80. Kc5 Rh5 81. Bf6 Rh6 82. Be7 Rh5 83. Bf8 Rf5 84. Bg7 Rg5 85. Bd4 Rh5 86. Kd6 Rh6+ 87. Ke7 Rh7+ 88. Ke6 Rh6+ 89. Bf6 Kb6 90. d6 Rh7 91. Be7 Rh6+ 92. Bf6 Rh7 93. Be7 Rh6+ 94. Bf6 Rh7 95. Be7 1/2-1/2

[Event "SixDays Budapest IM-A January 2024"]
[Site "Budapest"]
[Date "2024.01.28"]
[Round "2.2"]
[White "Lim, Zhuo Ren"]
[Black "Vetokhina, Sofia"]
[Result "1-0"]
[ECO "E62"]
[WhiteElo "2218"]
[BlackElo "2020"]
[Annotator "NA RC"]
[PlyCount "141"]
[EventDate "2024.01.26"]
[EventType "tourn"]
[EventCountry "HUN"]
[SourceTitle "playchess.com"]
[Source "ChessBase"]
[SourceQuality "1"]
[TimeControl "5400+30"]

1. Nf3 Nf6 2. c4 g6 3. g3 Bg7 4. Bg2 O-O 5. O-O d6 6. d4 Nc6 7. Nc3 e5 8. dxe5 Nxe5 9. Nxe5 dxe5 10. Nb5 c6 11. Nd6 Qc7 12. Nxc8 Raxc8 13. b4 a5 14. a3 Rfd8 15. Qb3 axb4 16. axb4 Ra8 17. Rb1 h6 18. h3 Qe7 19. Be3 Nd7 20. Rfd1 e4 21. Bf4 g5 22. Bc7 Re8 23. Bd6 Qe6 24. e3 f5 25. c5 Qxb3 26. Rxb3 Be5 27. Rbb1 Kg7 28. b5 Bxd6 29. bxc6 bxc6 30. Rb7 Bxc5 31. Rdxd7+ Kf6 32. Rh7 Ke5 33. Rxh6 Ra1+ 34. Kh2 Re6 35. Rxe6+ Kxe6 36. Rc7 Ra6 37. Bf1 Rb6 38. Bc4+ Kf6 39. Kg2 Bd6 40. Rd7 Be7 41. Rc7 Bd6 42. Rf7+ Kg6 43. Rd7 Be5 44. Re7 Bc3 45. g4 fxg4 46. hxg4 Rb2 47. Rxe4 Be1 48. Re6+ Kg7 49. Re7+ Kg6 50. Rf7 Rb4 51. Be6 Rxg4+ 52. Kf3 Rb4 53. Ke2 Bc3 54. Rc7 Rb2+ 55. Kf1 Rb6 56. Bd7 Be5 57. Rc8 Rb1+ 58. Kg2 Rc1 59. Bxc6 Kg7 60. Re8 Rxc6 61. Rxe5 Kf6 62. Ra5 Rc4 63. Kg3 Rc3 64. Ra8 Rc4 65. f3 Rc7 66. Ra6+ Kg7 67. Ra5 Kf6 68. Kg4 Rc4+ 69. e4 Rc3 70. Rf5+ Ke6 71. Kxg5 1-0

[Event "SixDays Budapest IM-A January 2024"]
[Site "Budapest"]
[Date "2024.01.28"]
[Round "2.3"]
[White "Szalay-Ocsak, Bank"]
[Black "Balla, Tamas-Kristof"]
[Result "1/2-1/2"]
[ECO "B38"]
[WhiteElo "2165"]
[BlackElo "2283"]
[Annotator "TA"]
[PlyCount "37"]
[EventDate "2024.01.26"]
[EventType "tourn"]
[EventCountry "HUN"]
[SourceTitle "playchess.com"]
[Source "ChessBase"]
[SourceQuality "1"]
[TimeControl "5400+30"]

1. e4 c5 2. Nf3 g6 3. d4 cxd4 4. Nxd4 Bg7 5. c4 Nc6 6. Be3 Nf6 7. Nc3 d6 8. f3 Nxd4 9. Bxd4 O-O 10. Qd2 Be6 11. Rc1 Qa5 12. Be2 Rfc8 13. b3 a6 14. Be3 b5 15. Nd5 Qxd2+ 16. Kxd2 Nxd5 17. cxd5 {[%emt 0:00:46] The position is equal.} Bd7 18. Rxc8+ Rxc8 19. Rc1 {[%emt 0:00:08] An uneventful encounter.   OK:         	White=1     	---} 1/2-1/2

[Event "SixDays Budapest IM-A January 2024"]
[Site "Budapest"]
[Date "2024.01.28"]
[Round "2.4"]
[White "Hacker, Jonas"]
[Black "Orso, Miklos"]
[Result "1-0"]
[ECO "B31"]
[WhiteElo "2420"]
[BlackElo "2172"]
[Annotator "TA"]
[PlyCount "105"]
[EventDate "2024.01.26"]
[EventType "tourn"]
[EventCountry "HUN"]
[SourceTitle "playchess.com"]
[Source "ChessBase"]
[SourceQuality "1"]
[TimeControl "5400+30"]

1. e4 c5 2. Nf3 Nc6 3. Bb5 g6 4. O-O Bg7 5. c3 Nf6 6. Re1 O-O 7. d4 cxd4 8. cxd4 d5 9. e5 Ne4 10. Bxc6 bxc6 11. Be3 Qa5 ({Günstiger ist} 11... f6 $11) 12. Nbd2 Rd8 13. Nb3 {[%emt 0:05:48] Weiß steht etwas besser.} Qb6 14. Nfd2 a5 15. Nxe4 dxe4 16. Qc2 Bf5 17. Nc5 Rd5 18. h3 (18. Nxe4 Rb5 $11) 18... h5 19. Rac1 (19. Nxe4 Rb5 $11) 19... f6 20. Na4 Qd8 21. exf6 (21. Qxc6 Rc8 22. Qa6 Rxc1 23. Bxc1 (23. Rxc1 fxe5 24. Nb6 exd4 $14) 23... Rxd4) 21... Bxf6 22. Nc3 (22. Qxc6 Rc8 23. Qa6 Rxc1 24. Rxc1 Bxd4 25. Bxd4 Rxd4 $11) 22... Rd6 23. Nxe4 Kg7 24. f3 Rb8 25. b3 {[%emt 0:05:02] Weiß steht aktiver.} a4 26. bxa4 Bxd4 (26... Bxe4 $16 27. Qxe4 Rb4) 27. Bxd4+ $18 Rxd4 28. Qc3 (28. Qxc6 Rc8 29. Qb5 Rxc1 30. Rxc1 Bxe4 31. fxe4 Kh6 $15) 28... e5 (28... Rbb4 {kämpft weiter.} 29. Ng3 (29. Qxc6 Bxe4 30. Rxe4 Rxe4 $11) 29... Bd3) 29. Nc5 ({Weniger gut wäre} 29. Qxc6 Qb6 $16) 29... Qd5 30. Nb3 Rd3 31. Qxe5+ Qxe5 32. Rxe5 Rd6 33. Rec5 Rb6 34. a5 Ra6 35. R5c3 Bc8 36. h4 Kf7 37. Kh2 Ke7 38. Kg3 Kd8 39. Kf4 Kc7 40. Re1 Rf6+ 41. Kg3 {[%emt 0:02:05] Schwarz muss nun Re7+ beachten.} Ra8 $2 {[%emt 0:00:25] [#]} (41... Rf7 {ist eine bessere Verteidigung.} 42. Re8 Bf5) 42. Re8 Rb8 43. Rd3 Rf7 {[%emt 0:01:48] Lässt Re7+ nicht zu} 44. Rdd8 Rd7 45. Rxd7+ Bxd7 46. Rxb8 Kxb8 {[%emt 0:00:01][%mdl 4096] Endspiel. KB-KN} 47. Nc5 Bf5 48. Kf4 Kc7 49. g4 hxg4 50. fxg4 {[%emt 0:00:02] Weiß setzt Matt.} Bb1 51. a4 Kb8 52. Ke5 Bc2 53. h5 {[%emt 0:00:32] Gewichteter Fehlerwert: Weiß=0.06 (makellos) /Schwarz=0.42.  Fehler:       	---       	Schwarz=4     Ungenau:       	Weiß=1     	Schwarz=3     OK:         	Weiß=17    	Schwarz=8     Bester:       	Weiß=2     	Schwarz=1} 1-0

[Event "SixDays Budapest IM-A January 2024"]
[Site "Budapest"]
[Date "2024.01.28"]
[Round "2.5"]
[White "Urhegyi, Marton"]
[Black "Cieslak, Patryk"]
[Result "0-1"]
[ECO "B90"]
[WhiteElo "2255"]
[BlackElo "2284"]
[Annotator "NA RC"]
[PlyCount "98"]
[EventDate "2024.01.26"]
[EventType "tourn"]
[EventCountry "HUN"]
[SourceTitle "playchess.com"]
[Source "ChessBase"]
[SourceQuality "1"]
[TimeControl "5400+30"]

1. e4 c5 2. Nf3 d6 3. d4 cxd4 4. Nxd4 Nf6 5. Nc3 a6 6. Rg1 h5 7. h3 g6 8. g4 hxg4 9. hxg4 Bg7 10. Be3 Nc6 11. Nb3 b5 12. a3 Bb7 13. g5 Nd7 14. f4 Rh2 15. Rg2 Rxg2 16. Bxg2 Nb6 17. Bf1 Nc4 18. Bxc4 Bxc3+ 19. bxc3 bxc4 20. Nd2 Qa5 21. Rb1 Qxc3 22. Kf2 O-O-O 23. Nf3 e6 24. Rxb7 Kxb7 25. Qb1+ Kc8 26. Bd2 Qxa3 27. Kg2 Qa4 28. Qb2 Qb5 29. Qg7 Rd7 30. Be3 d5 31. Qf8+ Kb7 32. exd5 Qxd5 33. Kg3 Qd6 34. Qg7 a5 35. Qb2+ Qb4 36. Qh8 a4 37. c3 Qd6 38. Qh1 Qd1 39. Qg2 Rd5 40. Qb2+ Qb3 41. Qe2 Qxc3 42. Kf2 Rd3 43. Nd2 Nd4 44. Qe1 Rxd2+ 45. Bxd2 Qf3+ 46. Kg1 Qg4+ 47. Kf1 Qh3+ 48. Kf2 Qh2+ 49. Kf1 Qh1+ 0-1

[Event "SixDays Budapest IM-A January 2024"]
[Site "Budapest"]
[Date "2024.01.28"]
[Round "3.1"]
[White "Cieslak, Patryk"]
[Black "Kuru, Atilla"]
[Result "1/2-1/2"]
[ECO "C18"]
[WhiteElo "2284"]
[BlackElo "2220"]
[Annotator "NA RC"]
[PlyCount "71"]
[EventDate "2024.01.26"]
[EventType "tourn"]
[EventCountry "HUN"]
[SourceTitle "playchess.com"]
[Source "ChessBase"]
[SourceQuality "1"]
[TimeControl "5400+30"]

1. e4 e6 2. d4 d5 3. Nc3 Bb4 4. e5 c5 5. a3 Bxc3+ 6. bxc3 Qa5 7. Bd2 Qa4 8. Qg4 Kf8 9. Qd1 Nc6 10. Nf3 Nge7 11. Qb1 c4 12. h4 h6 13. h5 b6 14. Be2 Bd7 15. g4 f6 16. exf6 gxf6 17. Qc1 Kg7 18. Rg1 Rag8 19. Be3 Qa5 20. Kf1 Qa6 21. Rg3 Qc8 22. Kg2 e5 23. dxe5 fxe5 24. Nxe5 Nxe5 25. Bd4 N7c6 26. Qe3 Kh7 27. Bxe5 Re8 28. f4 Rhg8 29. Kh2 Bxg4 30. Rag1 Nxe5 31. fxe5 Bf5 32. Rxg8 Rxg8 33. Bf3 Be6 34. Rxg8 Qxg8 35. Qf4 Qg7 36. Qd4 1/2-1/2

[Event "SixDays Budapest IM-A January 2024"]
[Site "Budapest"]
[Date "2024.01.28"]
[Round "3.2"]
[White "Orso, Miklos"]
[Black "Urhegyi, Marton"]
[Result "1-0"]
[ECO "B52"]
[WhiteElo "2172"]
[BlackElo "2255"]
[Annotator "TA"]
[PlyCount "93"]
[EventDate "2024.01.26"]
[EventType "tourn"]
[EventCountry "HUN"]
[SourceTitle "playchess.com"]
[Source "ChessBase"]
[SourceQuality "1"]
[TimeControl "5400+30"]

1. e4 c5 2. Nf3 d6 3. Bb5+ Bd7 4. Bxd7+ Qxd7 5. O-O Nc6 6. c3 Nf6 7. Re1 e6 8. d4 cxd4 9. cxd4 d5 10. e5 Ne4 11. Nbd2 Nxd2 12. Bxd2 Be7 13. Rc1 O-O 14. a3 a5 15. Qe2 a4 16. Rc2 {[%emt 0:15:06] The position is equal.} Rfc8 17. Rec1 Bd8 18. Qb5 Rcb8 19. h4 Ra6 (19... Nxe5 $6 20. Qxd7 Nxd7 21. Bf4 $16) 20. Qd3 Rb6 21. g3 h5 (21... Rb3 $15 22. Bc3 b5) 22. Bc3 $11 Ra6 23. Ne1 g6 24. Qe3 Be7 25. Nd3 Kg7 26. Bd2 Rh8 (26... Qd8 {is interesting.} 27. Qf4 Rb6 28. Rc3 Ra8) 27. Kg2 Rb6 28. Bc3 Rb3 29. Re1 Qd8 (29... Rc8 {feels hotter.} 30. Rec1 Na7 31. Bd2 Rxc2 32. Rxc2 Nb5) 30. Nc1 Rb5 31. Nd3 Qb6 32. Qf4 Qd8 33. Qd2 Qa8 34. Qf4 Rc8 35. Re3 $2 {[%emt 0:01:24][%mdl 8192] [#]} (35. Bd2 $11) 35... Nxd4 $1 $19 36. Bxd4 (36. Qxd4 Rc4) 36... Rxc2 37. Rf3 Qe8 38. g4 hxg4 (38... Bxh4 39. g5 $17) 39. Qxg4 Rc4 40. h5 g5 (40... Rb3 $1 $19 {...g5 would now be deadly.} 41. hxg6 fxg6 (41... Rxd4 42. Qxd4 fxg6 43. Qg4 $16)) 41. h6+ $1 $11 Kh8 $2 {[%emt 0:01:05][%mdl 8192] [#]} (41... Kxh6 42. Rh3+ Kg7 43. Qh5 f6 44. exf6+ (44. Qxe8 Rxd4 45. Qxe7+ Kg8 46. Qxe6+ Kg7 47. exf6+ Kg6 48. Ne5#) 44... Bxf6 45. Qh6+ (45. Qxe8 Rxd4 46. Rh8 Rg4+ 47. Kf1 Rg1+ 48. Kxg1 Bd4 49. Rg8+ Kh7 50. Qg6#) (45. Qxg5+ Qg6 46. Bxf6+ Kf7 47. Ne5+ Kf8 48. Rh8+ Qg8 49. Rxg8#) 45... Kg8 46. Qxf6 g4 47. Rh8#) (41... Kg6 $11 42. Nf4+ Kh7 43. Nxe6 Rb3 (43... fxe6 $2 44. Qxe6 Rxd4 45. Rf7+ $18) 44. Qf5+ (44. Nxg5+ Bxg5 45. Qf5+ Kxh6 $11) 44... Kxh6 45. Qxf7 Qxf7 46. Rxf7 Bd8) 42. Qh5 $1 $18 Rxd4 {[%emt 0:02:15] [#]} (42... Ra5 43. Rxf7) 43. Rxf7 $1 {[%emt 0:00:11] White threatens Qg6 and mate.} Rg4+ (43... Rc5 44. Qg6) 44. Kf1 Qg8 {[%emt 0:00:28] Prevents Qg6} ({Avoid the trap} 44... Rh4 $2 45. Qg6 (45. Rh7+ Kxh7 46. Qxe8 Bxa3 $18) (45. Rh7+ Kxh7 46. Qxe8 Bxa3 $18)) (44... Rxb2 $18 45. Qg6 (45. Rh7+ Kxh7 46. Qxe8 Rb1+ 47. Ke2 Bxa3 $18) 45... Rxf2+ 46. Kxf2 Qg8 47. Qxg8+ (47. Qxe6 Rf4+ 48. Nxf4 gxf4 $16) 47... Kxg8 48. Rxe7 Re4 49. Rxe6 (49. Rxb7 Rc4 $18) 49... b5) 45. Rg7 (45. h7 $142 Qe8 46. Qg6 (46. Qxg4 $2 {is the wrong capture.} Qxf7 47. Qxa4 Rb6 $19) 46... Qxf7 47. Qxf7 Rg1+ 48. Kxg1 g4 49. Qg8#) 45... Rh4 46. Qg6 Rh1+ 47. Kg2 {[%emt 0:00:21] Quite a comeback for White.   Weighted Error Value: White=0.46/Black=0.63.  Loses game:     	White=1     	Black=1      Missed win:     	---       	Black=1      Mistake:       	---       	Black=1      Inaccurate:     	White=3     	Black=3      OK:         	White=6     	Black=8      Best:        	White=1     	Black=1      Strong:       	White=2     	---        Brilliant:      	---       	Black=1} 1-0

[Event "SixDays Budapest IM-A January 2024"]
[Site "Budapest"]
[Date "2024.01.28"]
[Round "3.3"]
[White "Balla, Tamas-Kristof"]
[Black "Hacker, Jonas"]
[Result "1-0"]
[ECO "A06"]
[WhiteElo "2283"]
[BlackElo "2420"]
[Annotator "TA"]
[PlyCount "85"]
[EventDate "2024.01.26"]
[EventType "tourn"]
[EventCountry "HUN"]
[SourceTitle "playchess.com"]
[Source "ChessBase"]
[SourceQuality "1"]
[TimeControl "5400+30"]

1. Nf3 d5 2. b3 Bg4 3. Bb2 Nd7 4. e3 Ngf6 5. d3 e6 6. Nbd2 Bb4 7. a3 Bxf3 8. gxf3 {[%emt 0:05:27][%cal Bg2f3,Bf3f4][%mdl 32] Die Stellung ist ausgeglichen.} Bd6 9. f4 O-O 10. Nf3 c5 11. Bg2 Qc7 12. c4 e5 13. fxe5 Nxe5 14. cxd5 Nxd5 15. Qc2 {[%emt 0:02:10] [#] Und jetzt Nxe5 wäre schön.} Nf6 (15... Rad8 $11 {bleibt in der Remisbreite.}) 16. Nxe5 $16 Bxe5 17. d4 cxd4 18. Qxc7 Bxc7 19. Bxd4 (19. exd4 Rfe8+ 20. Kf1 Ne4 $15) 19... Rfd8 20. Ke2 ({Finger weg von} 20. Bxb7 Rab8 21. Bc6 Rxb3 $14) 20... Nd5 21. Rhd1 Rab8 $2 (21... Bxh2 $16 22. Rac1 Nb6) 22. Bxd5 (22. Bxa7 Nc3+ 23. Ke1 Rxd1+ 24. Rxd1 Nxd1 25. Bxb8 Nxe3 26. Bxc7 Nxg2+ 27. Ke2 f5 $16) (22. Rac1 $18 Bb6 23. Be5) 22... Rxd5 23. Bxa7 Rxd1 24. Rxd1 $18 {[%emt 0:00:15][%mdl 4096] Endspiel. KRB-KRB} Ra8 {[%emt 0:04:20] [#]} (24... Rd8 $16) 25. Rd7 $1 Rc8 26. Bd4 h5 27. h3 Kf8 28. Bc5+ Kg8 29. Be7 Kh7 30. Rd5 Re8 31. Rd7 (31. Rxh5+ Kg6 32. Rb5 (32. Rg5+ Kh6 $17) 32... Rxe7 33. Rxb7 Kf6 $15) 31... Rc8 32. Kd3 Kg6 33. Ke4 Kh6 (33... b5 $142 34. f4 Kh7) 34. f4 Kg6 35. a4 Kh6 36. b4 {[%emt 0:01:33][%cal Bb3b4,Bb4a5][%mdl 32] Weiß steht klar auf Gewinn.} Kg6 (36... b6 $142 37. Kf5 Kh7) 37. a5 Kh6 38. h4 Kg6 39. Bg5 Re8+ 40. Kf3 Bxa5 41. bxa5 f6 42. f5+ Kxf5 43. Bf4 {[%emt 0:00:07] Gewichteter Fehlerwert: Weiß=0.28 (präzise) /Schwarz=0.37.  Verlustzug:     	---       	Schwarz=1     Gewinn verpasst:   	Weiß=1     	---        Fehler:       	---       	Schwarz=4     Ungenau:       	Weiß=1     	Schwarz=4     OK:         	Weiß=13    	Schwarz=9     Bester:       	Weiß=1     	Schwarz=2} 1-0

[Event "SixDays Budapest IM-A January 2024"]
[Site "Budapest"]
[Date "2024.01.28"]
[Round "3.4"]
[White "Vetokhina, Sofia"]
[Black "Szalay-Ocsak, Bank"]
[Result "1/2-1/2"]
[ECO "E36"]
[WhiteElo "2020"]
[BlackElo "2165"]
[Annotator "NA RC"]
[PlyCount "76"]
[EventDate "2024.01.26"]
[EventType "tourn"]
[EventCountry "HUN"]
[SourceTitle "playchess.com"]
[Source "ChessBase"]
[SourceQuality "1"]
[TimeControl "5400+30"]

1. d4 Nf6 2. c4 e6 3. Nc3 Bb4 4. Qc2 d5 5. a3 Bxc3+ 6. Qxc3 b6 7. Bg5 h6 8. Bxf6 Qxf6 9. cxd5 exd5 10. Nf3 O-O 11. e3 c5 12. Bd3 c4 13. Bc2 Bf5 14. Ne5 Nd7 15. Nxd7 Bxd7 16. O-O Bf5 17. a4 Bxc2 18. Qxc2 Qe6 19. Rfe1 a6 20. Rad1 f5 21. f3 Rae8 22. Re2 b5 23. Rde1 Qb6 24. axb5 axb5 25. Qd2 b4 26. Kh1 Rc8 27. h3 c3 28. bxc3 bxc3 29. Qd3 Qb4 30. Rc2 f4 31. Rec1 fxe3 32. Qxe3 Rfe8 33. Qd3 Qc4 34. Qxc3 Qxc3 35. Rxc3 Rxc3 36. Rxc3 Re1+ 37. Kh2 Rd1 38. Rc7 Rxd4 1/2-1/2

[Event "SixDays Budapest IM-A January 2024"]
[Site "Budapest"]
[Date "2024.01.28"]
[Round "3.5"]
[White "Polyik, Peter"]
[Black "Lim, Zhuo Ren"]
[Result "1/2-1/2"]
[ECO "B54"]
[WhiteElo "2289"]
[BlackElo "2218"]
[Annotator "NA RC"]
[PlyCount "40"]
[EventDate "2024.01.26"]
[EventType "tourn"]
[EventCountry "HUN"]
[SourceTitle "playchess.com"]
[Source "ChessBase"]
[SourceQuality "1"]
[TimeControl "5400+30"]

1. e4 c5 2. Nf3 d6 3. d4 cxd4 4. Nxd4 Nf6 5. Bd3 Nc6 6. Nxc6 bxc6 7. O-O g6 8. b3 Bg7 9. Bb2 O-O 10. Nc3 Nd7 11. Na4 Qa5 12. Qe1 Qxe1 13. Rfxe1 Nb6 14. Bxg7 Kxg7 15. Nxb6 axb6 16. a4 c5 17. Bc4 Be6 18. Bxe6 fxe6 19. c4 e5 20. f3 g5 1/2-1/2